Construct Section Command Post
Selects Australian Defense Battlegroup
Construct Platoon Command Post
Selects Australian Light Infantry Section
Selects 2-pounder Anti-tank Gun Team
2-pounder Anti-tank Gun Team
Construct Field Infirmary
Construct Field Infirmary
Construct Company Command Post
2-pounder Anti-tank Gun Team
Selects Vehicle Over Repair
2-pounder Anti-tank Gun Team
Selects CMP 15cwt Supply Run
Selects Artillery Trip Wire Flares
2-pounder Anti-tank Gun Team
Selects Charged Creeping Barrage
2-pounder Anti-tank Gun Team
Unlock M3 Grant Medium Tanks
2-pounder Anti-tank Gun Team